 Dungeon Crawl Stone Soup version 0.22.1-1-ga44c0e5 (webtiles) character file.

23 Fuodd the Sneak (level 2, -1/22 HPs)
             Began as a Naga Enchanter on Sept 26, 2018.
             Shot with a stone by a goblin (4 damage)
             ... on level 2 of the Dungeon.
             The game lasted 00:03:09 (408 turns).

Fuodd the Sneak (Naga Enchanter)                     Turns: 408, Time: 00:03:10

Health: -1/22      AC:  1    Str: 10    XL:     2   Next: 95%
Magic:  5/5        EV:  9    Int: 15    God:
Gold:   9          SH:  0    Dex: 11    Spells: 4/5 levels left

rFire    . . .     SeeInvis +   g - +0 short sword (drain)
rCold    . . .     Gourm    .   (no shield)
rNeg     . . .     Faith    .   b - +0 robe
rPois    +         Spirit   .   (no helmet)
rElec    .         Reflect  .   (no cloak)
rCorr    .         Harm     .   (no gloves)
MR       .....                  (no barding)
Stlth    +++.......             (no amulet)
HPRegen  0.07/turn              (no ring)
MPRegen  0.09/turn              (no ring)

@: drained, very slow
A: large, see invisible, deformed body, poison resistance, slowness 2, slow
metabolism 1, spit poison 1, AC +0
a: Spit Poison


You were on level 2 of the Dungeon.
You were not hungry.

You visited 1 branch of the dungeon, and saw 2 of its levels.

You collected 9 gold pieces.

Inventory:

Hand Weapons
 a - a +1 dagger
 g - a +0 short sword of draining (weapon)
Missiles
 f - 23 stones (quivered)
Armour
 b - a +0 robe (worn)
 h - a +0 shield
Scrolls
 c - a scroll of remove curse {unknown}
 e - a scroll of blinking {unknown}
Comestibles
 d - 2 rations


   Skills:
 * Level 1.3(0.7) Short Blades
 + Level 1.6(1.1) Dodging
 + Level 5.1(4.5) Stealth
 + Level 2.1(1.6) Spellcasting
 + Level 3.3(2.7) Hexes


You had 4 spell levels left.
You knew the following spells:

 Your Spells              Type           Power        Failure   Level  Hunger
a - Corona                Hex            #......      8%          1    ##.....

Your spell library contained the following spells:

 Spells                   Type           Power        Failure   Level  Hunger
 Ensorcelled Hibernation  Hex/Ice        #.....       21%         2    ###....
 Confuse                  Hex            #.......     22%         3    ####...
 Tukima's Dance           Hex            #.......     22%         3    ####...
 Dazzling Spray           Conj/Hex       #.....       36%         3    ####...


Dungeon Overview and Level Annotations

Branches:
Dungeon (2/15)

Altars:


Innate Abilities, Weirdness & Mutations

You cannot wear boots.
Your serpentine skin is tough. (AC +0)
You have supernaturally acute eyesight. (SInv)
Armour fits poorly on your strangely shaped body.
Your system is resistant to poisons. (rPois)
You cover ground very slowly.
You have a slow metabolism.
You can spit poison.


Message History

You hit the adder.
The adder is severely wounded.
The adder completely misses you.
The goblin shoots a stone.
The stone hits you but does no damage. The rat bites you but does no damage.
You hit the adder but do no damage.
The adder is severely wounded.
The adder bites you but does no damage. The rat closely misses you.
The goblin shoots a stone.
The stone misses you. The adder closely misses you.
You hit the adder.
You kill the adder!
Your base Stealth skill increases to level 5!
The rat closely misses you.
The goblin shoots a stone.
The stone hits you.
You hit the rat.
You kill the rat!
The goblin shoots a stone.
The stone hits you.
* * * LOW HITPOINT WARNING * * *
You are too injured to fight recklessly!
You are too injured to fight recklessly!
The goblin shoots a stone.
The stone hits you.
You die...

###########+##>
#...............
#..............#
#..............#
#..g...........#
#..............#
#..............###
#......@)........#.
#.......(......#...
#.........(......#
#..............##
#..............#
#..............#
##############...#
#... ##


You could see a goblin.

Vanquished Creatures
  An adder (D:2)
  An ooze (D:1)
  A dart slug (D:1)
  3 kobolds
  2 bats (D:1)
  2 rats
10 creatures vanquished.

Notes
Turn   | Place    | Note
-------+----------+-------------------------------------------
     0 | D:1      | Fuodd the Naga Enchanter began the quest for the Orb.
     0 | D:1      | Reached XP level 1. HP: 15/15 MP: 3/3
    79 | D:1      | Reached XP level 2. HP: 11/22 MP: 1/5
   393 | D:1      | You fall through a shaft!
   406 | D:2      | Reached skill level 5 in Stealth
   408 | D:2      | Shot with a stone by a goblin

Skill      XL: |  1  2 |
---------------+-------+-----
Stealth        | 5 |  5.1
Short Blades   | |  1.3
Dodging        | |  1.6
Spellcasting   | |  2.1
Hexes          | |  3.3

Action                   || total
-------------------------++-------
Melee: Dagger            ||    18
       Short sword       ||     7
 Cast: Corona            ||     4
 Stab: Sleeping          ||     3
Armor: Robe              ||     5
Dodge: Dodged            ||    17
